 Dungeon Crawl Stone Soup version 0.30-a0-743-gbfdf073431 (webtiles) character file.

Game seed: 9878529231191389543

3574 sircluck the Skirmisher (level 9, -1/47 HPs)
             Began as a Spriggan Hunter on Feb 7, 2023.
             Slain by a two-headed ogre
             ... wielding a +0 giant club
              (20 damage)
             ... on level 8 of the Dungeon.
             The game lasted 00:33:58 (8626 turns).

sircluck the Skirmisher (Spriggan Hunter)           Turns: 8626, Time: 00:33:58

Health: -1/47      AC:  3    Str:  7    XL:     9   Next: 84%
Magic:  10/10      EV: 26    Int: 11    God:
Gold:   390        SH:  0    Dex: 22    Spells: 8/8 levels left

rFire   . . .      SeeInvis +    a - +1 shortbow (flame)
rCold   . . .      Faith    .    (shield currently unavailable)
rNeg    . . .      Spirit   .    c - +1 robe
rPois   .          Reflect  .    (helmet restricted)
rElec   .          Harm     .    (no cloak)
rCorr   .          Rampage  .    (gloves unavailable)
Will    +....                    (boots unavailable)
Stlth   +++                      (no amulet)
HPRegen 0.27/turn                E - ring of flight
MPRegen 0.12/turn                F - +5 ring of evasion

@: flying, very quick
A: very small, no large weapons, unfitting armour, see invisible, speed 3
a: no special abilities


You were on level 8 of the Dungeon.
You visited 2 branches of the dungeon, and saw 9 of its levels.
You also visited: Sewer.

You collected 390 gold pieces.

Inventory:

Hand Weapons
 a - a +1 shortbow of flaming (weapon)
 s - a +4 dagger
 u - a +1 heavy flail
 w - a +0 trident
 x - a +0 rapier of draining
 A - a +0 dagger of venom
 I - a +4 quarterstaff of chaos
 M - a +1 dagger of chaos
Missiles
 f - 3 javelins
 h - 12 poisoned darts
 o - 6 boomerangs
 z - 35 stones
Armour
 c - a +1 robe (worn)
 D - a +0 pair of gloves
 G - a +0 helmet
 J - a +0 cloak
Magical Staves
 p - a staff of poison
 L - a staff of death
Jewellery
 d - a +6 ring of strength
 E - a ring of flight (left hand)
 F - a +5 ring of evasion (right hand)
 H - an amulet of faith
 O - an amulet of guardian spirit
Wands
 C - a wand of flame (23)
Scrolls
 b - 3 scrolls of immolation
 e - a scroll of blinking {unknown}
 i - 11 scrolls of identify
 l - 4 scrolls of noise
 m - a scroll of enchant weapon
 n - 6 scrolls of magic mapping
 t - 3 scrolls of teleportation
 y - a scroll of amnesia
 B - 2 scrolls of fog
Potions
 g - a potion of lignification {unknown}
 j - 7 potions of flight
 k - a potion of haste
 q - a potion of cancellation
 r - 5 potions of curing
 v - 2 potions of mutation {unknown}
 K - a potion of magic {unknown}
 N - a potion of brilliance


   Skills:
 + Level 5.6 Fighting
 + Level 12.3 Ranged Weapons
 + Level 5.5 Dodging
 + Level 4.2 Stealth


You had 8 spell levels left.
You didn't know any spells.
Your spell library contained the following spells:

 Spells                   Type           Power      Damage    Failure   Level
 Shock                    Conj/Air       0%         1d3       34%         1
 Summon Small Mammal      Summ           0%         N/A       34%         1
 Scorch                   Fire           0%         2d5       47%         2
 Call Canine Familiar     Summ           0%         N/A       71%         3
 Gell's Gravitas          Tloc           0%         N/A       71%         3
 Summon Guardian Golem    Hex/Summ       0%         N/A       71%         3
 Swiftness                Air            0%         N/A       71%         3
 Teleport Other           Tloc           0%         N/A       71%         3
 Airstrike                Air            0%         2d(0-16)  98%         4
 Flame Wave               Conj/Fire      0%         2d4       98%         4
 Dispersal                Tloc           0%         N/A       100%        6
 Summon Cactus Giant      Summ           0%         N/A       100%        6


Dungeon Overview and Level Annotations

Branches:
Dungeon (8/15)             Temple (1/1) D:4           Sewer (visited)
   Lair: D:8-11

Altars:
Ashenzari
Dithmenos
Elyvilon
Fedhas
Gozag
Hepliaklqana
Kikubaaqudgha
Makhleb
Nemelex Xobeh
Okawaru
Qazlal
Sif Muna
Trog
Uskayaw
Vehumet
Wu Jian
Xom
Yredelemnul
Zin
The Shining One


Innate Abilities, Weirdness & Mutations

You are very small and have problems with some larger weapons.
You are too small for most types of armour.
You have supernaturally acute eyesight. (SInv)
You cover ground extremely quickly. (Speed+++)


Message History

The arrow hits the orc wizard!
The arrow burns the orc wizard.
You kill the orc wizard!
A wight comes into view. It is wielding a +0 scimitar.
A two-headed ogre comes into view.
It is wielding a +0 giant club and a +0 giant spiked club.
You shoot an arrow. The two-headed ogre shouts in stereo!
The arrow hits the orc!
The arrow burns the orc.
You kill the orc!
You shoot an arrow. The arrow hits the wight.
The arrow burns the wight.
The wight is moderately damaged.
The orc wizard gestures at you while chanting.
The puff of flame misses you.
You shoot an arrow.
The arrow hits the wight but does no damage.
The wight is moderately damaged.
An orc priest comes into view. It is wielding a +1 whip of pain.
You shoot an arrow. The arrow hits the two-headed ogre!
The arrow burns the two-headed ogre.
The two-headed ogre is moderately wounded.
The orc priest casts a cantrip, but nothing happens.
You shoot an arrow.
The arrow closely misses the two-headed ogre.
The orc wizard points at you and mumbles some strange words.
The puff of flame misses you.
An ice beast comes into view.
You shoot an arrow. The arrow hits the two-headed ogre!
The arrow burns the two-headed ogre.
The two-headed ogre is heavily wounded.
You shoot an arrow.
The arrow barely misses the two-headed ogre.
You shoot an arrow. The arrow hits the two-headed ogre!
The arrow burns the two-headed ogre.
The two-headed ogre is severely wounded.
The orc priest calls down the wrath of Beogh upon you.
Beogh smites you! The wight misses you. The orc wizard casts a spell at you.
The magic dart hits you.
The two-headed ogre hits you with a +0 giant club!
The two-headed ogre hits you with a +0 giant spiked club!!
You die...

.# ####.#
#########.....#
...............
....:..........
...............
...............
.....zz@O......
...........~...
.......o.......
...............
......))....)..
.......o....[..
.......Y.......
...~~~......~~.


You could see a two-headed ogre, an ice beast, 2 wights, an orc priest and an
orc wizard.

Vanquished Creatures
  An unseen horror (D:7)
  The ghost of GiantSquids the Chopper, an amateur HOMo (D:4)
  A hornet (D:7)
  Menkaure (D:6)
  Duvessa (D:6)
  2 water moccasins
  2 black bears (D:6)
  2 sky beasts
  An ice beast (D:6)
  A centaur (D:5)
  3 ogres
  A phantom (D:6)
  A kobold brigand (D:7)
  A bullfrog (D:6)
  3 necrophages
  A gnoll sergeant (D:5)
  A scorpion (D:6)
  Dowan (D:6)
  A howler monkey (D:5)
  4 crimson imps (D:7)
  5 hounds
  Crazy Yiuf (D:6)
  A gnoll bouda (D:6)
  3 orc priests
  5 iguanas
  4 orc wizards
  A hound skeleton (D:4)
  7 gnolls
  8 adders
  7 river rats
  A shadow imp (D:6)
  3 white imps
  An ufetubus (D:4)
  4 dart slugs
  19 orcs
  9 endoplasms
  6 giant cockroaches
  8 goblins
  10 hobgoblins
  3 jackals
  16 kobolds
  12 quokkas
  10 ball pythons
  13 bats
  4 frilled lizards
  7 rats
198 creatures vanquished.

Vanquished Creatures (others)
  A plant (D:4)
1 creature vanquished.

Grand Total: 199 creatures vanquished

Notes
Turn   | Place    | Note
-------+----------+-------------------------------------------
     0 | D:1      | sircluck the Spriggan Hunter began the quest for the Orb.
     0 | D:1      | Reached XP level 1. HP: 10/10 MP: 2/2
    36 | D:1      | Reached XP level 2. HP: 14/14 MP: 3/3
   254 | D:1      | Reached XP level 3. HP: 18/18 MP: 4/4
   536 | D:2      | Found an iron altar of Okawaru.
   591 | D:2      | Reached skill level 5 in Ranged Weapons
  1611 | D:3      | Reached XP level 4. HP: 23/23 MP: 5/5
  1762 | D:3      | Noticed an ogre
  1781 | D:3      | Killed an ogre
  1782 | D:3      | Reached skill level 6 in Ranged Weapons
  1782 | D:3      | Reached XP level 5. HP: 27/27 MP: 6/6
  1796 | D:3      | Found a shadowy altar of Dithmenos.
  2370 | D:3      | Found a hide-covered altar of Uskayaw.
  2613 | D:4      | Found a burning altar of Makhleb.
  2664 | D:4      | Reached XP level 6. HP: 25/32 MP: 7/7
  2923 | D:4      | Found a staircase to the Ecumenical Temple.
  3015 | D:4      | Found a hazy altar of Hepliaklqana.
  3096 | D:4      | Found a glowing drain.
  3100 | Sewer    | Entered a sewer
  3226 | Sewer    | Reached skill level 7 in Ranged Weapons
  4280 | D:4      | Found a runed translucent door.
  4280 | D:4      | Noticed GiantSquids's ghost (amateur HOMo)
  4814 | D:4      | Killed GiantSquids's ghost
  4815 | D:4      | Reached XP level 7. HP: 36/36 MP: 8/8
  4864 | Temple   | Entered the Ecumenical Temple
  5063 | D:5      | Entered Level 5 of the Dungeon
  5070 | D:5      | Reached skill level 8 in Ranged Weapons
  5369 | D:5      | Reached XP level 8. HP: 21/42 MP: 9/9
  5378 | D:5      | HP: 2/42 [poisoned by a water moccasin]
  5547 | D:5      | Found an ancient bone altar of Kikubaaqudgha.
  5610 | D:5      | Found an iron altar of Okawaru.
  6056 | D:5      | Reached skill level 9 in Ranged Weapons
  6312 | D:6      | Noticed Duvessa
  6312 | D:6      | Noticed Dowan
  6350 | D:6      | Killed Duvessa
  6422 | D:6      | Killed Dowan
  6463 | D:6      | Found an opulent altar of Gozag.
  6564 | D:6      | Reached skill level 10 in Ranged Weapons
  6739 | D:6      | Reached XP level 9. HP: 35/46 MP: 10/10
  6824 | D:6      | Found a stormy altar of Qazlal.
  6850 | D:6      | Noticed Menkaure
  6854 | D:6      | Killed Menkaure
  7016 | D:6      | Found a glowing silver altar of Zin.
  7016 | D:6      | Found a white marble altar of Elyvilon.
  7016 | D:6      | Found a glowing golden altar of the Shining One.
  7141 | D:6      | Reached skill level 11 in Ranged Weapons
  7194 | D:6      | Reached skill level 5 in Fighting
  7442 | D:6      | Found a runed translucent door.
  7443 | D:6      | Noticed Crazy Yiuf
  7479 | D:6      | Reached skill level 5 in Dodging
  7548 | D:6      | Killed Crazy Yiuf
  7705 | D:7      | Noticed an unseen horror
  7718 | D:7      | Killed an unseen horror
  7764 | D:7      | Paralysed by a hornet for 2 turns
  7765 | D:7      | HP: 2/47 [hornet (13)]
  8007 | D:7      | Found an ornate altar of the Wu Jian Council.
  8091 | D:7      | Found a shimmering altar of Xom.
  8097 | D:7      | Reached skill level 12 in Ranged Weapons
  8618 | D:8      | Noticed a two-headed ogre
  8626 | D:8      | Slain by a two-headed ogre

Illustrated notes

Levels and vault maps discovered:
D:1:      dpeg_arrival_connections, layout_rooms, minmay_pentomino_u2
D:2:      layout_basic, basic_altar, columned_hall_lemuel
D:3:      layout_loops_ring, nicolae_dithmenos_the_darkroom,
          mainiacjoe_overflow_brackets, amethyst_killhole, roderic_lattice_a
D:4:      nicolae_cairo_tiling, layout_cave_pools,
          mainiacjoe_overflow_boulevard, makhleb_blood_cavern_becter,
          temple_statues, gammafunk_ghost_grave, gup_sewer_entry_bowl
D:5:      layout_loops_ring, okawaru_gym_becter,
          mainiacjoe_overflow_surrounded_room
D:6:      layout_loops_ring, dreamdust_divine_triumvirate,
          nicolae_qazlal_style_of_elements, general_overflow_altar,
          minmay_joined_circles, uniq_duvessa, uniq_crazy_yiuf_cottage,
          uniq_menkaure
D:7:      layout_gridville, led_xom_imps, nzn_wu_jian_council_hall
D:8:      layout_basic, minmay_nine_imps, uniq_maggie, uniq_erica
Temple:   nicolae_temple_little_seven

Skill      XL: |  1  2  3  4  5  6  7  8  9 |
---------------+----------------------------+-----
Ranged Weapons | 5 6 7 8 10 12 | 12.3
Fighting       | 2 3 4 5 |  5.6
Stealth        | 2 3 4 |  4.2
Dodging        | 3 4 5 |  5.5

Action                     |  1- 3 |  4- 6 |  7- 9 || total
---------------------------+-------+-------+-------++-------
   Fire: Shortbow          |    94 |   231 |   321 ||   646
    Use: Scroll            |     2 |    10 |       ||    12
         Potion            |       |     7 |     2 ||     9
 Armour: Robe              |     4 |    10 |     9 ||    23
  Dodge: Dodged            |    19 |   123 |   109 ||   251

Table legend: (Time is in decaauts)
 A = Elapsed time spent in this place.
 B = Non-inter-level travel time spent in this place.
 C = Inter-level travel time spent in this place.
 D = Time resting spent in this place.
 E = Time spent auto-exploring this place.
 F = Levels seen in this place.
 G = Mean time per level.
                   A        B        C        D        E       F      G
               +--------+--------+--------+--------+--------+-----+--------+
         Total |   6209 |   5746 |    463 |    657 |   3012 |  10 |  620.9 |
       Dungeon |   5149 |   4686 |    463 |    567 |   2515 |   8 |  643.6 |
        Temple |     61 |     61 |      0 |      0 |     19 |   1 |   61.0 |
         Sewer |    998 |    998 |      0 |     90 |    478 |   1 |  998.0 |
               +--------+--------+--------+--------+--------+-----+--------+

Top non-repeatable levels by time:
   Sewer: 998 daAuts
     D:4: 941 daAuts
     D:5: 928 daAuts
     D:6: 909 daAuts
     D:7: 708 daAuts
     D:2: 677 daAuts
     D:3: 606 daAuts
     D:1: 369 daAuts
  Temple: 61 daAuts
     D:8: 9 daAuts
